 Dungeon Crawl Stone Soup version 0.23.2-40-g277498a001 (webtiles) character file.

Game seed: 11106041202488819908

13704 Gildeon the Severer (level 11, -4/89 HPs)
             Began as a Minotaur Fighter on Oct 22, 2019.
             Was an Elder of Hepliaklqana.
             Slain by a skeletal warrior
             ... wielding a +2 short sword of speed
             ... led by a skeletal warrior
              (18 damage)
             ... on level 11 of the Dungeon.
             The game lasted 00:31:18 (8216 turns).

Gildeon the Severer (Minotaur Fighter)              Turns: 8216, Time: 00:31:19

Health: -4/89      AC: 18    Str: 24    XL:     11   Next: 79%
Magic:  10/10      EV: 16    Int:  5    God:    Hepliaklqana [****..]
Gold:   887        SH:  0    Dex: 13    Spells: 10/10 levels left

rFire    + . .     SeeInvis .   s - +2 battleaxe (freeze)
rCold    . . .     Gourm    .   (shield currently unavailable)
rNeg     . . .     Faith    .   q - +3 chain mail {rF+}
rPois    .         Spirit   .   (helmet restricted)
rElec    .         Reflect  .   k - +0 cloak
rCorr    .         Harm     +   b - +0 pair of gloves
MR       .....                  A - +0 pair of boots
Stlth    ..........             w - amulet of harm
HPRegen  0.24/turn              z - +3 ring of dexterity
MPRegen  0.12/turn              c - +4 ring of evasion

@: no status effects
A: retaliatory headbutt, reduced essence, horns 2
a: Recall Ancestor, Ancestor Identity, Transference, Idealise, Renounce Religion


You were on level 11 of the Dungeon.
You worshipped Hepliaklqana.
Hepliaklqana was greatly pleased with you.
You were not hungry.

You visited 2 branches of the dungeon, and saw 12 of its levels.
You also visited: Ossuary.

You collected 887 gold pieces.

Inventory:

Hand Weapons
 a - a +5 war axe
 e - a +0 great mace
 s - a +2 battleaxe of freezing (weapon)
 I - a +0 broad axe
 O - a +0 broad axe
Armour
 b - a +0 pair of gloves (worn)
 k - a +0 cloak (worn)
 q - a +3 chain mail of fire resistance (worn)
 A - a +0 pair of boots (worn)
Jewellery
 c - a +4 ring of evasion (right hand)
 w - an amulet of harm (around neck)
 z - a +3 ring of dexterity (left hand)
 D - an uncursed ring of poison resistance
 H - an uncursed ring of protection from fire
 M - an uncursed ring of protection from cold
Wands
 p - a wand of iceblast (19)
 v - a wand of paralysis (17)
 x - a wand of clouds (7)
 E - a wand of digging (4)
 F - a wand of polymorph (8)
 G - a wand of scattershot (3)
 K - a wand of disintegration (23)
Scrolls
 h - 8 scrolls of teleportation
 i - 3 scrolls of blinking
 m - 3 scrolls of magic mapping
 n - a scroll of fear
 u - 2 scrolls of remove curse
 y - a scroll of fog
 J - a scroll of random uselessness {unknown}
Potions
 d - a potion of might
 g - a potion of agility
 j - 5 potions of heal wounds
 l - 7 potions of curing
 o - a potion of berserk rage
 r - 2 potions of lignification
 t - a potion of resistance
 B - 2 potions of cancellation
 C - 2 potions of flight
 N - a potion of brilliance
Comestibles
 f - 26 rations
 L - 40 chunks of flesh


   Skills:
 + Level 9.7 Fighting
 - Level 16.0 Axes
 + Level 9.7 Armour
 + Level 8.1 Dodging
   Level 3.6 Shields


You had 10 spell levels left.
You didn't know any spells.
Your spell library contained the following spells:

 Spells                   Type           Power        Failure   Level  Hunger
 Summon Butterflies       Summ           #.......     96%         1    ##.....
 Call Canine Familiar     Summ           #.......     100%        3    ####...
 Summon Ice Beast         Ice/Summ       #.......     100%        4    #####..
 Summon Mana Viper        Hex/Summ       #.......     100%        5    ######.
 Summon Hydra             Summ           #.........   100%        7    #######


Dungeon Overview and Level Annotations

Branches:
Dungeon (11/15)            Temple (1/1) D:6             Orc (0/2) D:10
   Lair: D:8-11

Altars:
Ashenzari
Cheibriados
Dithmenos
Elyvilon
Fedhas
Gozag
Hepliaklqana
Kikubaaqudgha
Makhleb
Nemelex Xobeh
Okawaru
Qazlal
Ru
Sif Muna
Trog
Uskayaw
Vehumet
Wu Jian
Xom
Yredelemnul
Zin
The Shining One

Shops:
D:5 [}*   D:10 *(


Innate Abilities, Weirdness & Mutations

You reflexively headbutt those who attack you in melee.
You have a pair of horns on your head.
Your life essence is reduced to manifest your ancestor. (-10% HP)


Message History

The skeletal warrior hits you but does no damage.
You hit the skeletal warrior.
You destroy the skeletal warrior!
Your Dodging skill increases to level 8!
You hit the skeletal warrior but do no damage.
The skeletal warrior barely misses you. You furiously retaliate!
You headbutt the skeletal warrior, but do no damage.
The skeletal warrior hits you from afar with a +0 glaive!!
You closely miss the skeletal warrior.
The skeletal warrior is lightly damaged.
The skeletal warrior hits you with a +2 short sword of speed!
* * * LOW HITPOINT WARNING * * *
Grums hits the skeletal warrior with a +0 quarterstaff!!
The skeletal warrior hits Grums with a +2 short sword of speed!!
Grums barely misses the skeletal warrior.
The skeletal warrior hits Grums with a +2 short sword of speed.
Grums closely misses the skeletal warrior.
Grums hits the skeletal warrior but does no damage.
The skeletal warrior hits you with a +2 short sword of speed!
You die...

.........#..!..#........# #..
.........#.....#........# #..
.........#.....+........#######..
###......#.....#.................
#......#.....#.................
#......#....z#.................
#......#####z#.................
###.))).......Rz.÷####...........
.....().....[...@.#..##########..
......(....####...#...........#..
.......(.###..#...#...........#..
.....(.((#....#...#...........#..
#######((#....#...#...........#..
#..#.<..#...#...........#..
#..'....#...#...........#..
#..#....#...#..R÷.......#..
#[.#....#...####'########..


You could see the friendly Grums the battlemage and 3 skeletal warriors.

Vanquished Creatures
  Harold (D:9)
  2 two-headed ogres
  Urug (D:10)
  2 skeletal warriors (D:11)
  The ghost of yogakurto the Stinger, a novice HuVM of Nemelex Xobeh (D:7)
  An ugly thing (D:10)
  A cyclops (D:10)
  A hornet (D:7)
  3 trolls
  Prince Ribbit (D:5)
  A wyvern (D:8)
  4 yaks (D:11)
  Eustachio (D:5)
  Edmund (D:4)
  A water moccasin (D:10)
  Duvessa (D:4)
  4 sky beasts
  A hornet zombie (D:11)
  2 ice beasts
  7 orc warriors
  3 ogres
  2 phantoms
  7 centaurs
  4 big kobolds
  An elf zombie (Ossuary)
  6 bullfrogs
  Dowan (D:4)
  A wyvern zombie (D:10)
  A scorpion (D:6)
  4 wights (D:9)
  8 howler monkeys
  7 crimson imps
  5 hounds
  2 centaur zombies
  8 orc priests
  Crazy Yiuf (D:7)
  2 bullfrog skeletons
  7 orc wizards
  3 iguanas
  Ijyb (D:4)
  8 worker ants
  A hound zombie (D:5)
  4 mummies
  2 worker ant zombies (D:5)
  Robin (D:4)
  18 gnolls
  A howler monkey skeleton (D:5)
  7 adders
  A shadow imp (D:6)
  2 oozes
  3 adder zombies
  An adder skeleton (D:9)
  2 worms
  3 dart slugs
  6 leopard geckos
  28 orcs
  5 giant cockroaches
  A gnoll zombie (Ossuary)
  15 goblins
  16 hobgoblins
  6 jackals
  10 quokkas
  13 bats
  4 frilled lizards
  2 goblin zombies (Ossuary)
  A hobgoblin zombie (Ossuary)
  A jackal zombie (Ossuary)
  28 kobolds
  3 kobold zombies
  A leopard gecko skeleton (D:5)
  2 orc zombies
  10 rats
317 creatures vanquished.

Vanquished Creatures (collateral kills)
  Menkaure (D:6)
  An orc warrior (D:11)
  A necrophage (D:11)
  A wyvern zombie (D:10)
  A wight (D:9)
  A howler monkey (D:8)
  3 crimson imps
  A jelly (D:9)
  2 hounds
  A centaur skeleton (D:8)
  An orc wizard (D:10)
  2 iguanas
  A big kobold zombie (Ossuary)
  A mummy (Ossuary)
  A gnoll (D:8)
  An adder (D:11)
  A leopard gecko (D:4)
  5 orcs
  A giant cockroach (D:5)
  A kobold (D:8)
  A hobgoblin zombie (Ossuary)
  A quokka skeleton (D:10)
30 creatures vanquished.

Vanquished Creatures (others)
  20 plants (D:11)
20 creatures vanquished.

Grand Total: 367 creatures vanquished

Notes
Turn   | Place    | Note
-------+----------+-------------------------------------------
     0 | D:1      | Gildeon the Minotaur Fighter began the quest for the Orb.
     0 | D:1      | Reached XP level 1. HP: 19/19 MP: 0/0
    50 | D:1      | Reached skill level 3 in Axes
    90 | D:1      | Reached XP level 2. HP: 24/26 MP: 1/1
   237 | D:1      | Reached skill level 4 in Axes
   293 | D:1      | Reached XP level 3. HP: 31/31 MP: 2/2
   783 | D:2      | Found a shattered altar of Ashenzari.
   786 | D:2      | Reached skill level 5 in Axes
   897 | D:2      | Reached XP level 4. HP: 39/39 MP: 3/3
  1366 | D:3      | Reached skill level 6 in Axes
  1652 | D:3      | Reached XP level 5. HP: 45/45 MP: 4/4
  1930 | D:2      | Found a shadowy altar of Dithmenos.
  2190 | D:4      | Reached skill level 7 in Axes
  2249 | D:4      | Noticed Robin
  2258 | D:4      | Noticed Edmund
  2263 | D:4      | Killed Robin
  2266 | D:4      | Killed Edmund
  2266 | D:4      | Reached skill level 8 in Axes
  2266 | D:4      | Reached XP level 6. HP: 47/51 MP: 5/5
  2269 | D:4      | Found a hazy altar of Hepliaklqana.
  2312 | D:4      | Became a worshipper of Hepliaklqana the Forgotten
  2519 | D:4      | Noticed Duvessa
  2523 | D:4      | Noticed Dowan
  2526 | D:4      | Reached skill level 9 in Axes
  2535 | D:4      | Killed Duvessa
  2535 | D:4      | Reached XP level 7. HP: 41/51 MP: 6/6
  2554 | D:4      | Killed Dowan
  2614 | D:4      | Found a white marble altar of Elyvilon.
  2614 | D:4      | Noticed Ijyb
  2620 | D:4      | Killed Ijyb
  2620 | D:4      | Reached skill level 10 in Axes
  2847 | D:5      | Entered Level 5 of the Dungeon
  2847 | D:5      | Found Caskot's Assorted Antiques.
  2882 | D:5      | Reached * piety under Hepliaklqana
  2902 | D:5      | Found Goxinkett's Gadget Shop.
  2936 | D:5      | Noticed Eustachio
  2948 | D:5      | Killed Eustachio
  2948 | D:5      | Reached skill level 11 in Axes
  2957 | D:5      | Reached XP level 8. HP: 56/57 MP: 7/7
  3045 | D:5      | Found a blossoming altar of Fedhas.
  3135 | D:5      | Found a blossoming altar of Fedhas.
  3269 | D:5      | Found Zej Fyeb's Armour Boutique.
  3299 | D:5      | Noticed Prince Ribbit
  3308 | D:5      | Killed Prince Ribbit
  3308 | D:5      | Reached skill level 12 in Axes
  3336 | D:6      | Found a staircase to the Ecumenical Temple.
  3342 | Temple   | Entered the Ecumenical Temple
  3806 | D:6      | Found a sparkling altar of Nemelex Xobeh.
  3806 | D:6      | Found a hide-covered altar of Uskayaw.
  3807 | D:6      | Found a glowing silver altar of Zin.
  3818 | D:6      | Reached ** piety under Hepliaklqana
  3819 | D:6      | Remembered your ancestor Grums as a battlemage
  3892 | D:6      | Reached skill level 13 in Axes
  3908 | D:6      | Noticed Menkaure
  3914 | D:6      | Killed Menkaure
  4264 | D:7      | Found a sand-covered staircase.
  4269 | Ossuary  | Entered an ossuary
  4283 | Ossuary  | Reached XP level 9. HP: 61/63 MP: 8/8
  4470 | D:7      | Found a runed translucent door.
  4479 | D:7      | Noticed yogakurto's ghost (novice HuVM)
  4498 | D:7      | Killed yogakurto's ghost
  4498 | D:7      | Reached skill level 14 in Axes
  4563 | D:7      | Reached skill level 15 in Axes
  4769 | D:7      | Found a runed translucent door.
  4769 | D:7      | Noticed Crazy Yiuf
  4775 | D:7      | Killed Crazy Yiuf
  5106 | D:8      | Reached skill level 16 in Axes
  5266 | D:8      | Reached XP level 10. HP: 68/70 MP: 9/9
  5267 | D:8      | Reached *** piety under Hepliaklqana
  5277 | D:8      | Reached skill level 1 in Dodging
  5692 | D:9      | Noticed Harold
  5711 | D:9      | Killed Harold
  5711 | D:9      | Reached skill level 5 in Fighting
  5711 | D:9      | Reached skill level 5 in Armour
  6223 | D:9      | Noticed a two-headed ogre
  6228 | D:9      | Killed a two-headed ogre
  6228 | D:9      | Reached skill level 5 in Dodging
  6731 | D:10     | Entered Level 10 of the Dungeon
  6807 | D:10     | Reached **** piety under Hepliaklqana
  6940 | D:10     | Found Fouxane's Weapon Shoppe.
  6945 | D:10     | Found a staircase to the Orcish Mines.
  6951 | D:10     | Reached XP level 11. HP: 74/82 MP: 10/10
  7086 | D:10     | Found Miduiz's Changing Room.
  7253 | D:10     | Noticed Urug
  7265 | D:10     | Killed Urug
  7523 | D:10     | Noticed a two-headed ogre
  7527 | D:10     | Killed a two-headed ogre
  7912 | D:11     | Found a sparkling altar of Nemelex Xobeh.
  7912 | D:11     | Noticed a purple ugly thing
  7920 | D:10     | Killed a purple ugly thing
  8205 | D:11     | Noticed a skeletal warrior
  8205 | D:11     | Noticed a skeletal warrior
  8205 | D:11     | Noticed a skeletal warrior
  8205 | D:11     | Noticed a skeletal warrior
  8205 | D:11     | Noticed a skeletal warrior
  8208 | D:11     | Killed a skeletal warrior
  8211 | D:11     | Killed a skeletal warrior
  8216 | D:11     | Slain by a skeletal warrior

Skill      XL: |  1  2  3  4  5  6  7  8  9 10 11 |
---------------+----------------------------------+-----
Axes           | 3 4 5 6 8 9 11 13 16 | 16.0
Dodging        | 5 8 |  8.1
Fighting       | 7 9 |  9.7
Armour         | 7 9 |  9.7
Shields        | |  3.6

Action                   |  1- 3 |  4- 6 |  7- 9 | 10-12 || total
-------------------------+-------+-------+-------+-------++-------
Melee: War axe           |    68 |   126 |   198 |   104 ||   496
       Headbutt          |     9 |    18 |    32 |    46 ||   105
       Battleaxe         |       |       |       |   130 ||   130
Invok: Ancestor Identity |       |     1 |       |       ||     1
       Ancestor Life: Ba |       |       |     1 |       ||     1
  Use: Scroll            |     5 |     7 |     9 |     8 ||    29
       Potion            |       |       |       |     1 ||     1
 Stab: Distracted        |       |       |     4 |     1 ||     5
  Eat: Chunk             |       |     5 |     6 |     9 ||    20
       Ration            |       |       |     1 |       ||     1
Armor: Scale mail        |    52 |    26 |       |       ||    78
       Chain mail        |       |    55 |    67 |    84 ||   206
Dodge: Dodged            |    49 |    88 |   104 |   151 ||   392
